 Dungeon Crawl Stone Soup version 0.24-a0-307-gf989941 (webtiles) character file.

Game seed: 10363495452299241485

27594 mhoghedin the Fighter (level 12, -7/104 HPs)
             Began as a Demigod Skald on May 13, 2019.
             Mangled by a five-headed hydra (10 damage)
             ... on level 6 of the Lair of Beasts.
             The game lasted 00:39:50 (19126 turns).

mhoghedin the Fighter (Demigod Skald)              Turns: 19126, Time: 00:39:52

Health: -7/104     AC: 15    Str: 29    XL:     12   Next: 69%
Magic:  15/18      EV: 17    Int: 19    God:
Gold:   964        SH:  5    Dex: 15    Spells: 5/15 levels left

rFire    + . .     SeeInvis .   b - +8 hunting sling of Okawaru's Regard {speed, Str+5}
rCold    x . .     Gourm    .   B - +0 buckler
rNeg     + . .     Faith    .   t - +1 ring mail of the Hot Ocelot {rN+}
rPois    .         Spirit   .   w - +0 hat
rElec    .         Reflect  .   (no cloak)
rCorr    .         Harm     .   f - +1 pair of gloves
MR       +....                  (no boots)
Stlth    +.........             F - amulet of magic regeneration
HPRegen  0.27/turn              c - +4 ring of protection
MPRegen  0.16/turn              E - ring "Girrat" {Fire Str+2 Int+2 Slay+5}

@: invisible
A: horns 1, high mp 1, sense surroundings 1, shaggy fur 1
a: no special abilities


You were on level 6 of the Lair of Beasts.
You were not hungry.

You visited 2 branches of the dungeon, and saw 16 of its levels.
You also visited: Ossuary.

You collected 1207 gold pieces.
You spent 243 gold pieces at shops.

Inventory:

Hand Weapons
 a - the +6 long sword "Yfelerac" {slice, rF+ Str+2 SInv}
   (You found it on level 6 of the Dungeon)

   It inflicts extra damage upon your enemies.
   It affects your strength (+2).
   It protects you from fire.
   It lets you see invisible.
 b - the +8 hunting sling of Okawaru's Regard (weapon) {speed, Str+5}
   (You found it on level 4 of the Lair of Beasts)

   Attacks with this weapon are significantly faster.
   It affects your strength (+5).
 k - a +2 triple sword of holy wrath
   (You acquired it on level 3 of the Lair of Beasts)
 L - a +6 demon trident
   (You took it off Urug on level 3 of the Lair of Beasts)
Missiles
 m - 14 boomerangs (quivered)
 I - 8 curare-tipped darts
Armour
 f - a +1 pair of gloves (worn)
   (You found it on level 1 of the Dungeon)
 t - the +1 ring mail of the Hot Ocelot (worn) {rN+}
   (You bought it in a shop on level 5 of the Dungeon)

   It protects you from negative energy.
 w - a +0 hat (worn)
   (You found it on level 2 of the Lair of Beasts)
 B - a +0 buckler (worn)
   (You found it on level 2 of the Dungeon)
Jewellery
 c - a +4 ring of protection (left hand)
   (You found it on level 1 of the Dungeon)
 l - an uncursed amulet of the gourmand {Gourm, !d}
   (You found it on level 6 of the Dungeon)
 y - an uncursed ring of protection from cold {rC+, !d}
   (You found it on level 7 of the Dungeon)
 D - an uncursed ring of ice {rC+, rF-}
   (You found it on level 7 of the Dungeon)
 E - the ring "Girrat" (right hand) {Fire Str+2 Int+2 Slay+5}
   (You found it on level 8 of the Dungeon)

   [ring of fire]

   It enhances your fire magic.
   It affects your strength (+2).
   It affects your intelligence (+2).
   It affects your accuracy and damage with ranged weapons and melee attacks
   (+5).
   It protects you from fire.
   It makes you vulnerable to cold.
 F - an amulet of magic regeneration (around neck)
   (You found it on level 6 of the Lair of Beasts)
Wands
 q - a wand of digging (8)
   (You found it on level 4 of the Dungeon)
 u - a wand of clouds (3)
   (You found it on level 6 of the Dungeon)
 x - a wand of disintegration (11)
   (You found it on level 3 of the Lair of Beasts)
 H - a wand of enslavement (5)
   (You found it on level 1 of the Lair of Beasts)
 J - a wand of iceblast (11)
   (You found it on level 3 of the Lair of Beasts)
Scrolls
 g - 3 scrolls of magic mapping {!r}
 j - 6 scrolls of remove curse
 n - a scroll of vulnerability {!r!r}
 r - 3 scrolls of amnesia
 s - 10 scrolls of teleportation
 v - a scroll of enchant weapon
 C - a scroll of enchant armour
 G - a scroll of fog
Potions
 e - 5 potions of flight
 i - 2 potions of mutation {!q}
 o - 3 potions of curing
 p - 2 potions of lignification {!q}
 A - a potion of haste
 K - a potion of berserk rage {!q}
 M - 3 potions of magic
 O - a potion of cancellation
Comestibles
 d - 17 rations


   Skills:
 + Level 9.2 Fighting
 + Level 9.0 Long Blades
 - Level 6.1 Polearms
 + Level 8.2 Armour
 + Level 8.4 Dodging
 - Level 4.0 Shields
 - Level 2.0 Spellcasting
 - Level 3.5 Hexes
 - Level 7.0 Charms
 - Level 2.6 Necromancy
 - Level 3.3 Translocations


You had 5 spell levels left.
You knew the following spells:

 Your Spells              Type           Power        Failure   Level  Hunger
a - Shroud of Golubria    Chrm/Tloc      ###.......   4%          2    ###....
r - Regeneration          Chrm/Necr      ###.......   10%         3    ###....
z - Spectral Weapon       Hex/Chrm       ###.....     8%          3    ###....
S - Song of Slaying       Chrm           ####....     1%          2    ###....

Your spell library contained the following spells:

 Spells                   Type           Power        Failure   Level  Hunger
 Infusion                 Chrm           ####         1%          1    #......
 Confusing Touch          Hex            ###...       5%          1    #......
 Corona                   Hex            ###....      5%          1    #......
 Apportation              Tloc           ##....       6%          1    #......
 Animate Skeleton         Necr           N/A          8%          1    #......
 Slow                     Hex            ###.....     9%          2    ###....
 Confuse                  Hex            ###.....     16%         3    ###....
 Gell's Gravitas          Tloc           ##........   17%         3    ###....
 Portal Projectile        Hex/Tloc       ###...       17%         3    ###....
 Summon Small Mammal      Summ           #...         22%         1    #......
 Inner Flame              Hex/Fire       ##......     32%         3    ###....
 Cause Fear               Hex            ###.......   47%         4    #####..
 Leda's Liquefaction      Hex/Erth       #.........   73%         4    #####..
 Petrify                  Tmut/Erth      #.......     92%         4    #####..
 Metabolic Englaciation   Hex/Ice        #.........   97%         5    ######.
 Yara's Violent Unravell  Hex/Tmut       #.........   97%         5    ######.


Dungeon Overview and Level Annotations

Branches:
Dungeon (10/15)            Temple (0/1) D:4            Lair (6/6) D:10
  Swamp (0/4) Lair:2       Spider (0/4) Lair:4          Orc (0/2) D:10
  Slime: Lair:5-6

Shops:
D:5 *

Annotations:
D:8 Gastronok
Lair:4 exclusion: oklob plant
Lair:5 3 runed translucent doors, exclusion: oklob plant, Yroustr Jeul's ghost, journeyman MiBe


Innate Abilities, Weirdness & Mutations

You have an increased reservoir of magic. (+10% MP)
You have a pair of small horns on your head.
You passively map a small area around you.
You are covered in fur. (AC +1)


Message History

The rock shatters into small pieces.
You hear an angry hiss.
The crocodile barely misses you.
The hippogriff bites you but does no damage.
The hippogriff pecks you but does no damage.
The hippogriff misses you. The rime drake misses you.
You riposte.
You slash the rime drake! Your headbutt misses the rime drake.
The five-headed hydra bites you!
The five-headed hydra closely misses you.
The five-headed hydra barely misses you.
The five-headed hydra bites you.
The five-headed hydra completely misses you.
You take 18 damage, and have 58/104 hp.
Your song is almost over.
Your hands tingle!
b - the +8 hunting sling of Okawaru's Regard (weapon)
{speed, Str+5} The crocodile bites you.
You take 2 damage, and have 57/104 hp.
Throwing (i - inventory. (/) - cycle)
h - 2 silver javelins (quivered)
Aim: a crocodile You throw a silver javelin.
The silver javelin barely misses the crocodile.
The silver javelin pierces through the hippogriff!
The silver javelin barely misses the five-headed hydra.
You block the crocodile's attack.
Throwing (i - inventory. (/) - cycle)
h - a silver javelin (quivered)
Aim: a crocodile You throw a silver javelin.
The silver javelin pierces through the crocodile!
The silver javelin pierces through the hippogriff!!
You kill the hippogriff!
The silver javelin pierces through the five-headed hydra!
The silver javelin barely misses the rime drake.
You block the crocodile's attack.
Throwing (i - inventory. (/) - cycle)
m - 14 boomerangs (quivered)
Aim: a crocodile (heavily wounded)
You throw a boomerang.
The boomerang hits the five-headed hydra!
Throwing (i - inventory. (/) - cycle)
m - 14 boomerangs (quivered)
Aim: a crocodile (heavily wounded)
You throw a boomerang.
The boomerang hits the five-headed hydra.
Your song has ended.
A water moccasin comes into view.
The five-headed hydra bites you.
The five-headed hydra barely misses you.
The five-headed hydra misses you.
The five-headed hydra closely misses you.
The five-headed hydra bites you but does no damage.
The five-headed hydra bites you.
The five-headed hydra completely misses you.
The five-headed hydra misses you.
The five-headed hydra barely misses you.
You block the five-headed hydra's attack.
You take 6 damage, and have 52/104 hp.
Aim: a crocodile (heavily wounded, chance to defeat MR: 46%)
The five-headed hydra resists with almost no effort.
The five-headed hydra bites you. x2
The five-headed hydra completely misses you.
The five-headed hydra bites you but does no damage.
The five-headed hydra bites you!
You take 17 damage, and have 35/104 hp.
Aim: a crocodile (moderately wounded, chance to defeat MR: 46%)
The five-headed hydra resists with almost no effort.
The five-headed hydra bites you.
* * * LOW HITPOINT WARNING * * *
The five-headed hydra completely misses you.
The five-headed hydra bites you but does no damage.
The five-headed hydra bites you!
* * * LOW HITPOINT WARNING * * *
The five-headed hydra barely misses you.
You take 15 damage, and have 20/104 hp.
Unknown command.
Aim: a crocodile (moderately wounded, chance to defeat MR: 46%)
The five-headed hydra resists with almost no effort.
You block the five-headed hydra's attack.
The five-headed hydra misses you.
The five-headed hydra completely misses you.
The five-headed hydra misses you. The five-headed hydra bites you.
* * * LOW HITPOINT WARNING * * *
You take 4 damage, and have 16/104 hp.
Aim: a crocodile (moderately wounded, chance to defeat MR: 46%)
The five-headed hydra resists with almost no effort.
You block the five-headed hydra's attack.
The five-headed hydra bites you!
* * * LOW HITPOINT WARNING * * *
You block the five-headed hydra's attack.
The five-headed hydra bites you.
* * * LOW HITPOINT WARNING * * *
You block the five-headed hydra's attack.
You take 13 damage, and have 3/104 hp.
Really quaff
p - 2 potions of lignification {!q}?
Really quaff the potion of lignification?
Okay, then.
Unknown command.
Unknown command.
Okay, then.
You fade into invisibility!
The five-headed hydra bites you!
You die...

* * *
#.....†......P
* #.....(†.##
##........##
##.........#
##S.........#
##k#.......%.#
##t#####.......
##D## ,.......,
#@## * .......
*#.## ##....
#.#* ##. ♣# , *
* , * * * ≈ * ,


You could see a five-headed hydra, a rime drake, a water moccasin and a
crocodile.

Vanquished Creatures
  A queen ant (Lair:3)
  Urug (Lair:3)
  An unseen horror (D:10)
  An ugly thing (D:10)
  A black mamba (Lair:6)
  5 spiny frogs
  2 komodo dragons
  A troll (D:10)
  4 hornets
  3 blink frogs (Lair:5)
  7 hippogriffs
  13 spriggans
  A vampire (D:6)
  2 redbacks (Lair:4)
  29 yaks
  4 wyverns
  2 hungry ghosts
  2 fire bats (Lair:5)
  6 basilisks
  11 porcupines
  16 soldier ants (Lair:3)
  17 water moccasins
  2 ice beasts (D:7)
  3 sky beasts
  4 orc warriors
  7 ogres
  3 boggarts (Lair:3)
  4 wolves (Lair:3)
  A centaur (D:6)
  6 crocodiles
  6 big kobolds
  17 bullfrogs
  2 elf zombies (Ossuary)
  4 gnoll sergeants (D:10)
  2 scorpions
  4 killer bees
  4 electric eels
  3 crimson imps
  A human zombie (Ossuary)
  A centaur zombie (Ossuary)
  A hound (D:5)
  2 jellies (D:6)
  A bullfrog skeleton (D:7)
  A centaur skeleton (D:5)
  An orc priest (D:8)
  10 orc wizards
  4 iguanas
  38 worker ants
  A killer bee zombie (D:7)
  A big kobold zombie (Ossuary)
  4 hound zombies (Ossuary)
  A hound skeleton (D:6)
  3 mummies (Ossuary)
  2 worker ant zombies
  4 gnolls
  10 adders
  A river rat (Lair:1)
  2 shadow imps
  An adder skeleton (D:7)
  4 adder zombies (Ossuary)
  2 worms
  4 dart slugs
  4 leopard geckos
  28 orcs
  2 ball pythons
  12 bats
  3 giant cockroaches
  7 hobgoblins
  10 jackals
  3 quokkas
  6 frilled lizards
  A gnoll zombie (Ossuary)
  11 goblins
  5 goblin zombies (Ossuary)
  2 hobgoblin zombies (Ossuary)
  3 jackal zombies (Ossuary)
  24 kobolds
  2 kobold zombies (Ossuary)
  2 leopard gecko skeletons
  A leopard gecko zombie (D:7)
  A quokka skeleton (D:4)
  5 quokka zombies (Ossuary)
  7 rats
  3 rat zombies (Ossuary)
  A plant (Lair:1)
445 creatures vanquished.

Vanquished Creatures (others)
  3 fungi
  2 plants
  5 spectral weapons
10 creatures vanquished.

Grand Total: 455 creatures vanquished

Notes
Turn   | Place    | Note
-------+----------+-------------------------------------------
     0 | D:1      | mhoghedin the Demigod Skald began the quest for the Orb.
     0 | D:1      | Reached XP level 1. HP: 17/17 MP: 5/5
   114 | D:1      | Reached skill level 2 in Polearms
   436 | D:1      | Reached skill level 3 in Charms
   476 | D:1      | Reached XP level 2. HP: 22/24 MP: 7/7
  1309 | D:2      | Reached XP level 3. HP: 20/29 MP: 8/8
  1411 | D:2      | Learned a level 3 spell: Spectral Weapon
  1609 | D:2      | HP: 7/29 [worker ant (2)]
  1614 | D:2      | Reached skill level 3 in Polearms
  1614 | D:2      | HP: 4/29 [poisoned by a worker ant]
  1622 | D:2      | HP: 3/29 [poisoned by a worker ant]
  2008 | D:2      | Found a bloodstained altar of Trog.
  2229 | D:2      | Reached XP level 4. HP: 36/36 MP: 9/9
  2270 | D:2      | Found a hazy altar of Hepliaklqana.
  2469 | D:3      | Reached skill level 2 in Spellcasting
  2493 | D:3      | Learned a level 3 spell: Regeneration
  2871 | D:3      | Reached skill level 1 in Necromancy
  3044 | D:3      | Reached skill level 4 in Charms
  3252 | D:3      | Reached XP level 5. HP: 40/41 MP: 6/10
  3313 | D:3      | Found an opulent altar of Gozag.
  3815 | D:4      | Found an iron altar of Okawaru.
  4034 | D:4      | Found a staircase to the Ecumenical Temple.
  4208 | D:4      | Found a hide-covered altar of Uskayaw.
  4238 | D:4      | Reached skill level 4 in Polearms
  4461 | D:5      | Entered Level 5 of the Dungeon
  4471 | D:5      | Reached skill level 1 in Hexes
  4471 | D:5      | Reached XP level 6. HP: 45/48 MP: 7/11
  4483 | D:5      | Found Butun's Assorted Antiques.
  4706 | D:5      | Reached skill level 5 in Polearms
  5285 | D:5      | Bought a bronze ring mail for 243 gold pieces
  5295 | D:5      | Identified the +1 ring mail of the Hot Ocelot {rN+} (You
                  | bought it in a shop on level 5 of the Dungeon)
  5375 | D:6      | Reached skill level 2 in Necromancy
  5414 | D:6      | Noticed a vampire
  5476 | D:6      | Reached XP level 7. HP: 49/53 MP: 9/13
  5476 | D:6      | Noticed a hungry ghost
  5504 | D:6      | Killed a hungry ghost
  5560 | D:6      | Reached skill level 6 in Polearms
  5758 | D:6      | Got a fine long sword
  5759 | D:6      | Identified the +6 long sword "Yfelerac" {slice, rF+ Str+2
                  | SInv} (You found it on level 6 of the Dungeon)
  5795 | D:6      | Reached skill level 2 in Fighting
  5795 | D:6      | Reached skill level 1 in Armour
  5795 | D:6      | Reached skill level 2 in Dodging
  5937 | D:6      | Reached skill level 1 in Long Blades
  6265 | D:6      | Noticed a hornet
  6267 | D:6      | Paralysed by a hornet for 1 turns
  6268 | D:6      | Noticed a basilisk
  6268 | D:6      | a hornet changed into a basilisk
  6282 | D:6      | HP: 14/56 [poisoned by a hornet]
  6285 | D:6      | Killed a basilisk
  6285 | D:6      | Reached skill level 2 in Armour
  6285 | D:6      | Reached XP level 8. HP: 14/62 MP: 12/14
  6288 | D:6      | HP: 13/62 [poisoned by a hornet]
  6294 | D:6      | HP: 12/62 [poisoned by a hornet]
  6302 | D:6      | HP: 12/62 [poisoned by a hornet]
  6587 | D:6      | Reached skill level 3 in Fighting
  6587 | D:6      | Reached skill level 2 in Long Blades
  6587 | D:6      | Reached skill level 3 in Dodging
  7320 | D:7      | HP: 7/63 [ogre/+0 giant club (24)]
  7594 | D:7      | Reached skill level 3 in Armour
  7594 | D:7      | Reached skill level 1 in Shields
  7831 | D:7      | Reached skill level 3 in Long Blades
  8580 | D:8      | Reached skill level 4 in Fighting
  8580 | D:8      | Reached skill level 2 in Shields
  8583 | D:8      | Reached skill level 4 in Dodging
  8722 | D:8      | Reached XP level 9. HP: 52/71 MP: 15/15
  8771 | D:8      | Noticed Gastronok
  8956 | D:8      | Found a sand-covered staircase.
  8961 | Ossuary  | Entered an ossuary
  9157 | Ossuary  | Reached skill level 4 in Armour
  9356 | D:8      | Gained mutation: You evolve. [potion of mutation]
  9356 | D:8      | Gained mutation: You passively map a small area around you.
                  | [potion of mutation]
  9356 | D:8      | Gained mutation: You have a pair of small horns on your
                  | head. [potion of mutation]
  9358 | D:8      | HP: 6/72 [Gastronok (26)]
  9635 | D:8      | Got a pitted copper ring
  9637 | D:8      | Identified the ring "Girrat" {Fire Str+2 Int+2 Slay+5} (You
                  | found it on level 8 of the Dungeon)
 10003 | D:8      | Reached skill level 4 in Long Blades
 10003 | D:8      | Reached skill level 3 in Shields
 10379 | D:9      | Reached skill level 5 in Fighting
 10379 | D:9      | Reached skill level 5 in Dodging
 10533 | D:9      | Found a white marble altar of Elyvilon.
 10598 | D:9      | Found a shattered altar of Ashenzari.
 10598 | D:9      | Found a glowing golden altar of the Shining One.
 10632 | D:9      | Found a white marble altar of Elyvilon.
 10916 | D:9      | Reached skill level 4 in Shields
 10919 | D:9      | Reached skill level 5 in Armour
 11053 | D:10     | Entered Level 10 of the Dungeon
 11091 | D:10     | Noticed a red ugly thing
 11099 | D:10     | Killed a red ugly thing
 11099 | D:10     | Reached skill level 5 in Long Blades
 11099 | D:10     | Reached XP level 10. HP: 67/81 MP: 16/16
 11182 | D:10     | Found a staircase to the Orcish Mines.
 11241 | D:10     | HP: 18/83 [troll (4)]
 11351 | D:10     | Gained mutation: You expend magic power (3 MP) to
                  | strengthen your wands. [evolution]
 11371 | D:10     | Reached skill level 6 in Fighting
 11373 | D:10     | Reached skill level 6 in Dodging
 11420 | D:10     | Noticed an unseen horror
 11424 | D:10     | Killed an unseen horror
 11424 | D:10     | Reached skill level 6 in Armour
 11433 | D:10     | Reached skill level 6 in Long Blades
 11729 | D:10     | Found a staircase to the Lair.
 12159 | Lair:1   | Entered Level 1 of the Lair of Beasts
 12195 | Lair:1   | Reached XP level 11. HP: 82/91 MP: 12/17
 12446 | Lair:1   | Reached skill level 7 in Fighting
 12446 | Lair:1   | Reached skill level 7 in Dodging
 12564 | D:10     | Gained mutation: Armour fits poorly on your strangely
                  | shaped body. [evolution]
 12564 | D:10     | Lost mutation: You evolve. [end of evolution]
 12600 | Lair:1   | Lost mutation: Armour fits poorly on your strangely shaped
                  | body. [potion of mutation]
 12600 | Lair:1   | Lost mutation: You expend magic power (3 MP) to strengthen
                  | your wands. [potion of mutation]
 12600 | Lair:1   | Gained mutation: You are frail. (-10% HP) [potion of
                  | mutation]
 12600 | Lair:1   | Lost mutation: You are frail. (-10% HP) [potion of
                  | mutation]
 12600 | Lair:1   | Gained mutation: You are covered in fur. (AC +1) [potion of
                  | mutation]
 12858 | Lair:1   | Learned a level 2 spell: Song of Slaying
 12861 | Lair:1   | Learned a level 2 spell: Shroud of Golubria
 12939 | Lair:1   | Reached skill level 1 in Translocations
 12941 | Lair:1   | Reached skill level 5 in Charms
 13347 | Lair:2   | Found a staircase to the Swamp.
 13569 | Lair:2   | Reached skill level 2 in Translocations
 13898 | Lair:2   | Reached skill level 3 in Translocations
 14180 | Lair:2   | Reached skill level 6 in Charms
 14709 | Lair:3   | Reached skill level 2 in Hexes
 15080 | Lair:3   | Reached skill level 3 in Hexes
 15142 | Lair:3   | Reached skill level 7 in Charms
 15193 | Lair:3   | Reached skill level 7 in Armour
 15195 | Lair:3   | Noticed a queen ant
 15220 | Lair:3   | Killed a queen ant
 15220 | Lair:3   | Reached skill level 7 in Long Blades
 15648 | Lair:3   | Noticed a five-headed hydra
 15672 | Lair:3   | HP: 21/92 [11-headed hydra (6)]
 16012 | Lair:3   | Identified a scroll of acquirement
 16149 | Lair:3   | Noticed a spriggan rider
 16177 | Lair:3   | Killed a spriggan rider
 16177 | Lair:3   | Reached skill level 8 in Fighting
 16177 | Lair:3   | Reached XP level 12. HP: 65/101 MP: 12/18
 16223 | Lair:3   | Noticed a four-headed hydra
 16248 | Lair:3   | Reached skill level 8 in Long Blades
 16844 | Lair:3   | Noticed Urug
 16856 | Lair:3   | Killed Urug
 17278 | Lair:4   | Reached skill level 8 in Dodging
 17809 | Lair:4   | Found a hole to the Spider Nest.
 17949 | Lair:4   | Reached skill level 9 in Fighting
 18231 | Lair:4   | Got a polished hunting sling
 18232 | Lair:4   | Identified the +8 hunting sling of Okawaru's Regard {speed,
                  | Str+5} (You found it on level 4 of the Lair of Beasts)
 18299 | Lair:5   | Found a runed translucent gate.
 18299 | Lair:5   | Found a runed translucent gate.
 18374 | Lair:5   | Noticed Yroustr Jeul's ghost (journeyman MiBe)
 18375 | Lair:5   | Found a runed translucent gate.
 18375 | Lair:5   | Noticed a six-headed hydra
 18502 | Lair:5   | Reached skill level 8 in Armour
 19049 | Lair:6   | Entered Level 6 of the Lair of Beasts
 19101 | Lair:6   | Reached skill level 9 in Long Blades
 19101 | Lair:6   | Noticed a four-headed hydra
 19123 | Lair:6   | HP: 20/104 [five-headed hydra (10)]
 19125 | Lair:6   | HP: 6/104 [five-headed hydra (10)]
 19126 | Lair:6   | Mangled by a five-headed hydra

Levels and vault maps discovered:
D:1:      evilmike_arrival_rings, layout_basic
D:2:      layout_basic, lightli_temple_of_fire, nicolae_overflow_hidden_temple
D:3:      layout_basic, lemuel_round_altar, grunt_ministairs_14,
          chequers_serial_rivers_small_3, grunt_decor_cap
D:4:      layout_gridville, kennysheep_little_box, lemuel_crystal_altar,
          minmay_temple_entry_sparse_star, first_ration,
          hangedman_abyss_or_decor_passed, bh_walls_and_bars
D:5:      layout_loops_corners, serial_shops, nicolae_shop_statue_plus,
          minivault_23
D:6:      layout_layer_cave
D:7:      lemuel_ice_spiral_2, layout_basic
D:8:      layout_loops_cross, nicolae_ossuary_entry_false_entrances,
          uniq_gastronok
D:9:      layout_roguey, old_standard_altar, gammafunk_temple_overflow_elements,
          the_bakery, elyvilon_altar_5
D:10:     layout_roguey, david_lair_generic,
          kennysheep_orc_monster_closet_entryway
Lair:1:   layout_roguey, small_statue_intersection, pond
Lair:2:   layout_cave_pods, minmay_swamp_entry_eels, serial_bayou,
          serial_bayou_pond_d, serial_bayou_pond_b, serial_bayou_shore_a,
          serial_bayou_pond_a
Lair:3:   kb_forest_paths, layout_hall_layers, zaba_anthell,
          infiniplex_staircase_pool_2, uniq_urug
Lair:4:   layout_regular_city, spider_nest_entry_webs, grunt_megastairs_2,
          lemuel_fruit_tree, minmay_lair_oklob_chamber
Lair:5:   layout_gridlike, gammafunk_ghost_split
Lair:6:   hangedman_lair_tendril_chambers, layout_hall_layers,
          guppyfry_lair_end_dragon, slime_altar_1

Skill      XL: |  1  2  3  4  5  6  7  8  9 10 11 12 |
---------------+-------------------------------------+-----
Polearms       | 2 3 4 5 6 |  6.1
Charms         | 3 4 7 |  7.0
Spellcasting   | 2 |  2.0
Necromancy     | 1 2 |  2.6
Hexes          | 1 3 |  3.5
Fighting       | 2 4 5 6 8 9 |  9.2
Armour         | 2 3 5 6 7 8 |  8.2
Dodging        | 2 4 5 6 7 8 |  8.4
Long Blades    | 1 3 5 6 7 9 |  9.0
Shields        | 2 4 |  4.0
Translocations | 3 |  3.3

Action                   |  1- 3 |  4- 6 |  7- 9 | 10-12 || total
-------------------------+-------+-------+-------+-------++-------
Melee: Spear             |   148 |    47 |       |       ||   195
       Dagger            |     8 |       |       |       ||     8
       Trident           |       |   148 |    29 |       ||   177
       Long sword        |       |       |   296 |   542 ||   838
       Headbutt          |       |       |    20 |   171 ||   191
Throw: Boomerang         |     8 |       |       |     2 ||    10
       Javelin           |       |       |       |     2 ||     2
 Cast: Spectral Weapon   |     5 |    26 |    11 |    14 ||    56
       Regeneration      |       |     4 |     3 |    24 ||    31
       Song of Slaying   |       |       |       |     9 ||     9
       Shroud of Golubri |       |       |       |     5 ||     5
Evoke: Wand              |       |       |     4 |    17 ||    21
  Use: Potion            |     3 |       |     5 |     4 ||    12
       Scroll            |     2 |     6 |     8 |    17 ||    33
 Stab: Sleeping          |     1 |     3 |       |       ||     4
       Distracted        |       |       |     2 |       ||     2
       Invisible         |       |       |       |     2 ||     2
  Eat: Chunk             |     5 |     8 |    21 |    25 ||    59
       Ration            |       |     2 |     3 |     3 ||     8
Armor: Leather armour    |    54 |    40 |       |       ||    94
       Ring mail         |       |     4 |   119 |   212 ||   335
Dodge: Dodged            |    93 |   104 |   202 |   435 ||   834
Block: Buckler           |       |       |    45 |   112 ||   157
       Rpst.: Long sword |       |       |    49 |   108 ||   157

Table legend:
 A = Non-vault XP
 B = Vault XP
 C = Vault XP percentage of total XP
 D = Non-vault monster count
 E = Vault monster count
 F = Vault count percentage of total count
                 A         B        C        D         E       F
            +---------+---------+-------+---------+---------+-------
      Total |   23911 |   15510 |  39.3 |     294 |     150 |  33.8
            +---------+---------+-------+---------+---------+-------
        D:1 |      35 |       0 |   0.0 |      21 |       0 |   0.0
        D:2 |      87 |       0 |   0.0 |      24 |       0 |   0.0
        D:3 |     101 |      15 |  12.9 |      30 |       2 |   6.2
        D:4 |     187 |       0 |   0.0 |      14 |       0 |   0.0
        D:5 |     365 |       0 |   0.0 |      12 |       0 |   0.0
        D:6 |    1240 |       0 |   0.0 |      21 |       0 |   0.0
        D:7 |     923 |       0 |   0.0 |      19 |       0 |   0.0
        D:8 |     868 |       0 |   0.0 |      24 |       0 |   0.0
        D:9 |    1710 |     224 |  11.6 |      28 |       1 |   3.4
       D:10 |    2854 |    2474 |  46.4 |      20 |      24 |  54.5
     Lair:1 |    3059 |     612 |  16.7 |      16 |       7 |  30.4
     Lair:2 |    1934 |     838 |  30.2 |      13 |       5 |  27.8
     Lair:3 |    3091 |    9503 |  75.5 |      15 |      67 |  81.7
     Lair:4 |    3194 |     733 |  18.7 |      16 |       4 |  20.0
     Lair:5 |    2013 |       0 |   0.0 |      12 |       0 |   0.0
     Lair:6 |    2250 |     631 |  21.9 |       9 |       3 |  25.0
    Ossuary |       0 |     480 | 100.0 |       0 |      37 | 100.0
            +---------+---------+-------+---------+---------+-------

Levels and vault maps discovered:
D:1:      evilmike_arrival_rings, layout_basic
D:2:      layout_basic, lightli_temple_of_fire, nicolae_overflow_hidden_temple
D:3:      layout_basic, lemuel_round_altar, grunt_ministairs_14,
          chequers_serial_rivers_small_3, grunt_decor_cap
D:4:      layout_gridville, kennysheep_little_box, lemuel_crystal_altar,
          minmay_temple_entry_sparse_star, first_ration,
          hangedman_abyss_or_decor_passed, bh_walls_and_bars
D:5:      layout_loops_corners, serial_shops, nicolae_shop_statue_plus,
          minivault_23
D:6:      layout_layer_cave
D:7:      lemuel_ice_spiral_2, layout_basic
D:8:      layout_loops_cross, nicolae_ossuary_entry_false_entrances,
          uniq_gastronok
D:9:      layout_roguey, old_standard_altar, gammafunk_temple_overflow_elements,
          the_bakery, elyvilon_altar_5
D:10:     layout_roguey, david_lair_generic,
          kennysheep_orc_monster_closet_entryway
Lair:1:   layout_roguey, small_statue_intersection, pond
Lair:2:   layout_cave_pods, minmay_swamp_entry_eels, serial_bayou,
          serial_bayou_pond_d, serial_bayou_pond_b, serial_bayou_shore_a,
          serial_bayou_pond_a
Lair:3:   kb_forest_paths, layout_hall_layers, zaba_anthell,
          infiniplex_staircase_pool_2, uniq_urug
Lair:4:   layout_regular_city, spider_nest_entry_webs, grunt_megastairs_2,
          lemuel_fruit_tree, minmay_lair_oklob_chamber
Lair:5:   layout_gridlike, gammafunk_ghost_split
Lair:6:   hangedman_lair_tendril_chambers, layout_hall_layers,
          guppyfry_lair_end_dragon, slime_altar_1

Table legend:
 A = Turns spent in this place as a percentage of turns spent in the entire game.
 B = Non-inter-level travel turns spent in this place as a percentage of non-inter-level travel turns spent in the entire game.
 C = Inter-level travel turns spent in this place as a percentage of turns spent in this place.
 D = Turns resting spent in this place as a percentage of non-inter-level travel turns spent in this place.
 E = Turns spent auto-exploring this place as a percentage of non-inter-level travel turns spent in this place.
 F = Non-inter-level travel turns spent in this place divided by the number of levels of this place that you've seen.
                   A       B       C       D       E      F
               +-------+-------+-------+-------+-------+----------------------
         Total | 100.0 | 100.0 |   4.7 |  26.9 |  55.8 | 1071.8
       Dungeon |  62.8 |  62.9 |   4.4 |  26.3 |  56.9 | 1146.9
          Lair |  36.0 |  35.8 |   5.4 |  28.9 |  54.2 | 1086.0
       Ossuary |   1.2 |   1.3 |   0.0 |   0.0 |  44.3 | 235.0
               +-------+-------+-------+-------+-------+----------------------

Table legend:
 A = Kills in this place as a percentage of kills in entire the game.
 B = Kills by you in this place as a percentage of kills by you in the entire game.
 C = Kills by friends in this place as a percentage of kills by friends in the entire game.
 D = Other kills in this place as a percentage of other kills in the entire game.
 E = Experience gained in this place as a percentage of experience gained in the entire game.
 F = Experience gained in this place divided by the number of levels of this place that you have seen.
                   A       B       C       D       E      F
               +-------+-------+-------+-------+-------+----------------------
         Total | 100.0 | 100.0 |   N/A | 100.0 | 100.0 | 2318.9
       Dungeon |  54.1 |  54.3 |   N/A |   0.0 |  28.1 | 1108.3
          Lair |  37.6 |  37.3 |   N/A | 100.0 |  70.7 | 4643.0
       Ossuary |   8.3 |   8.4 |   N/A |   0.0 |   1.2 | 480.0
               +-------+-------+-------+-------+-------+----------------------
